 Dungeon Crawl Stone Soup version 0.17.0-18-gaab0e96 (webtiles) character file.

242 MDvedh the Digger (level 6, 0/40 HPs)
             Began as a Gargoyle Earth Elementalist on Nov 11, 2015.
             Blown up by Ijyb (12 damage)
             ... with a wand of disintegration
             ... on level 3 of the Dungeon.
             The game lasted 00:06:17 (3344 turns).

MDvedh the Digger (Gargoyle Earth Elementalist)     Turns: 3344, Time: 00:06:17

Health: 0/40       AC: 12    Str: 13    XL:     6   Next: 9%
Magic:  9/9        EV: 12    Int: 16    God:
Gold:   162        SH:  0    Dex: 10    Spells: 3 memorised, 3 levels left

rFire  . . .     SeeInvis .     h - +2 dagger (venom)
rCold  + + .     Clarity  .     q - +2 robe {rC+}
rNeg   + . .     SustAt   .     (no shield)
rPois  ∞         Gourm    +     p - +0 helmet
rElec  +         Spirit   .     l - +2 cloak
rCorr  .         Warding  .     (no gloves)
rMut   .         Stasis   .     (no boots)
MR     .....                    e - amulet of the gourmand
Stlth  ++........               (no ring)
                                j - ring of protection from cold

@: not resistant to hostile enchantments, unstealthy
A: negative energy resistance 1, electricity resistance, unbreathing,
petrification resistance, rot immunity, AC +4
a: no special abilities


You were on level 3 of the Dungeon.
You were very full.

You visited 1 branch of the dungeon, and saw 3 of its levels.

You collected 162 gold pieces.

Inventory:

Hand Weapons
 h - a +2 dagger of venom (weapon)
 k - a +0 club
Missiles
 a - 167 stones (quivered)
Armour
 l - a +2 cloak (worn)
 o - a +0 hat
 p - a +0 helmet (worn)
 q - a +2 robe of cold resistance (worn)
Jewellery
 e - an amulet of the gourmand (around neck)
 j - a ring of protection from cold (left hand)
Scrolls
 b - a scroll of remove curse
 m - a scroll of magic mapping {unknown}
 r - a scroll of enchant weapon {unknown}
 s - a scroll of recharging {unknown}
Potions
 f - a potion of haste {unknown}
 g - 4 potions of curing
 n - a potion of invisibility {unknown}
 u - a potion of heal wounds {unknown}
Books
 c - a book of Geomancy

   Spells                             Type                      Level
   a - Sandblast                      Earth                        1
   b - Stoneskin                      Transmutation/Earth          2
   c - Passwall                       Transmutation/Earth          3
   d - Stone Arrow                    Conjuration/Earth            3
   e - Petrify                        Transmutation/Earth          4
   f - Lee's Rapid Deconstruction     Earth                        5
Comestibles
 d - a bread ration
 i - 2 meat rations
 t - a slice of pizza


   Skills:
 + Level 5.0 Fighting
 - Level 1.5 Dodging
 - Level 2.1 Stealth
 - Level 2.0 Spellcasting
 - Level 0.7 Transmutations
 + Level 5.4 Earth Magic


You had 3 spell levels left.
You knew the following spells:

 Your Spells              Type           Power        Failure   Level  Hunger
a - Sandblast             Erth           ###...       2%          1    #......
b - Stoneskin             Trmt/Erth      ##......     10%         2    ###....
c - Stone Arrow           Conj/Erth      ##....       21%         3    ###....


Dungeon Overview and Level Annotations

Branches:
Dungeon (3/15)

Altars:

Annotations:
D:3 Ijyb


Innate Abilities, Weirdness & Mutations

You are resistant to torment.
Your stone body is resilient (AC +4).
You are immune to poison.
You resist negative energy.
You are resistant to electric shocks.
You can survive without breathing.
You are immune to petrification.
You are immune to rotting.


Message History

You see here a trident.
You see here a trident.
The hobgoblin is too close now for your liking.
A hobgoblin is nearby!
A hobgoblin is nearby!
A hobgoblin is nearby!
Ijyb shouts!
The hobgoblin hits you but does no damage.
You barely miss the hobgoblin. The hobgoblin barely misses you.
You barely miss the hobgoblin. You barely miss Ijyb. You barely miss Ijyb.
Ijyb zaps a wand.
You are blasted!
It is a wand of disintegration.
You barely miss Ijyb. Ijyb hits you but does no damage.
You closely miss Ijyb.
Ijyb zaps a wand.
You barely resist. You barely miss Ijyb.
Ijyb zaps a wand.
You are blasted!
* * * LOW HITPOINT WARNING * * *
Drink which item? (? for menu, Esc to quit)
You feel better.
Ijyb zaps a wand.
You are blasted!
You die...

#.# #..# #.# #..# ###.###
########..# #.....#####
..........# ###.....#....
#########.# #.........# #.#
#.#.....### #.#
#.#.....###############.#
####.###.####.gg@..........#
.....# #....<.##############
###### ########


You could see Ijyb and a hobgoblin.

Vanquished Creatures
  An orc priest (D:3)
  Jessica (D:2)
  An orc wizard (D:3)
  4 gnolls (D:3)
  5 adders
  3 worms (D:2)
  3 giant geckos
  3 orcs (D:3)
  3 giant cockroaches
  13 hobgoblins
  11 kobolds
  3 quokkas
  A ball python (D:1)
  5 bats
  2 giant newts
  7 goblins
  7 rats
73 creatures vanquished.

Notes
Turn   | Place    | Note
--------------------------------------------------------------
     0 | D:1      | MDvedh the Gargoyle Earth Elementalist began the quest for the Orb.
     0 | D:1      | Reached XP level 1. HP: 10/10 MP: 3/3
   355 | D:1      | Reached skill level 1 in Fighting
   632 | D:1      | Reached XP level 2. HP: 17/17 MP: 5/5
  1169 | D:1      | Reached XP level 3. HP: 22/22 MP: 6/6
  1490 | D:1      | Learned a level 1 spell: Sandblast
  1509 | D:1      | Learned a level 2 spell: Stoneskin
  1746 | D:2      | Learned a level 3 spell: Stone Arrow
  1798 | D:2      | Reached XP level 4. HP: 27/29 MP: 7/7
  1877 | D:2      | Noticed Jessica
  1885 | D:2      | Killed Jessica
  1885 | D:2      | Reached skill level 4 in Fighting
  2396 | D:2      | Reached XP level 5. HP: 33/33 MP: 8/8
  2563 | D:3      | Reached skill level 5 in Earth Magic
  2809 | D:3      | Noticed Ijyb
  2939 | D:3      | Reached XP level 6. HP: 31/40 MP: 5/9
  2947 | D:3      | Reached skill level 5 in Fighting
  3344 | D:3      | Blown up by Ijyb

Action                   |  1- 3 |  4- 6 || total
-------------------------+-------+-------++-------
Melee: Unarmed           |    11 |       ||    11
       Dagger            |   103 |   117 ||   220
 Cast: Sandblast         |    10 |       ||    10
       Stoneskin         |     2 |       ||     2
       Stone Arrow       |       |     1 ||     1
  Use: Scroll            |     2 |     5 ||     7
       Potion            |       |     1 ||     1
 Stab: Sleeping          |     2 |     2 ||     4
  Eat: Chunk             |     6 |    10 ||    16
